 Dungeon Crawl Stone Soup version 0.32-a0-876-gcfddb08e57 (webtiles) character file.

Game seed: 2669841359786684986

4970 Autsider the Thaumaturge (level 10, 0/91 HPs)
             Began as an Oni Hedge Wizard on Apr 1, 2024.
             Was a Follower of Hepliaklqana.
             Slain by a vampire (6 damage)
             ... on level 8 of the Dungeon.
             The game lasted 00:51:22 (11913 turns).

Autsider the Thaumaturge (Oni Hedge Wizard)        Turns: 11913, Time: 00:51:22

Health: 0/91       AC:  4    Str: 13 (16) XL:     10   Next: 53%
Magic:  21/32      EV:  9    Int: 17 (19) God:    Hepliaklqana [*.....]
Gold:   374        SH:  0    Dex:  7 (8)  Spells: 19/27 levels left

rFire   . . .        o - +0 giant club
rCold   . . .        (shield currently unavailable)
rNeg    . . .        (body armour restricted)
rPois   .            c - +0 hat
rElec   .            q - +2 cloak
rCorr   .            (gloves unavailable)
SInv    .            (boots unavailable)
Will    ++...        (no amulet)
Stlth   ++           u - ring of magical power
HPRegen 0.35/turn    k - ring of willpower
MPRegen 0.23/turn

%: no passive effects
@: unable to call your familiar, invisible (expiring)
A: reduced essence, large, unfitting armour, horns 1, tough skin 1, double
potion healing, drunken brawling
a: Renounce Religion, Recall Ancestor, Ancestor Identity


You were on level 8 of the Dungeon.
You worshipped Hepliaklqana.
Hepliaklqana was aware of your devotion.
You visited 2 branches of the dungeon, and saw 9 of its levels.

You collected 374 gold pieces.

Inventory:

Hand Weapons
 i - a +0 club
 o - a +0 giant club (weapon)
Armour
 c - a +0 hat (worn)
 q - a +2 cloak (worn)
Magical Staves
 t - a staff of conjuration
Jewellery
 h - an amulet of guardian spirit
 j - a ring of poison resistance
 k - a ring of willpower (right hand)
 u - a ring of magical power (left hand)
 y - a ring of protection from cold
Talismans
 a - a flux talisman
Wands
 s - a wand of iceblast (4)
 w - a wand of flame (18)
Scrolls
 p - a scroll of amnesia
 x - a scroll of enchant armour
Potions
 d - 6 potions of magic
 e - 2 potions of mutation
 m - 3 potions of enlightenment


   Skills:
 + Level 7.3 Fighting
 + Level 4.6 Dodging
 - Level 4.0 Stealth
 - Level 9.0 Spellcasting
 - Level 3.0 Conjurations
 + Level 7.4 Summonings
 - Level 2.0 Translocations
 - Level 4.0 Fire Magic


You had 19 spell levels left.
You knew the following spells:

 Your Spells              Type           Power      Damage    Failure   Level
a - Magic Dart            Conj           68%        1d6       2%          1
z - Blink                 Tloc           28%        N/A       6%          2
A - Call Canine Familiar  Summ           32%        N/A       1%          3
B - Call Imp              Summ           64%        N/A       1%          2

Your spell library contained the following spells:

 Spells                   Type           Power      Damage    Failure   Level
 Summon Small Mammal      Summ           100%       N/A       1%          1
 Apportation              Tloc           28%        N/A       4%          1
 Summon Blazeheart Golem  Fire/Summ      27%        N/A       9%          4
 Sandblast                Erth           14%        2d6       10%         1
 Slow                     Hex            28%        N/A       10%         1
 Cigotuvi's Dreadful Rot  Necr/Alch/Air  14%        N/A       14%         2
 Jinxbite                 Hex            14%        N/A       14%         2
 Stone Arrow              Conj/Erth      24%        3d8       16%         3
 Mephitic Cloud           Conj/Alch/Air  11%        N/A       19%         3
 Brom's Barrelling Bould  Conj/Erth      12%        2d4       45%         4
 Alistair's Intoxication  Alch           4%         N/A       95%         5


Dungeon Overview and Level Annotations

Branches:
Dungeon (8/15)             Temple (1/1) D:5
   Lair: D:8-11

Altars:
Ashenzari
Dithmenos
Fedhas
Gozag
Hepliaklqana
Kikubaaqudgha
Makhleb
Nemelex Xobeh
Okawaru
Qazlal
Ru
Sif Muna
Trog
Uskayaw
Vehumet
Wu Jian
Xom
Yredelemnul
The Shining One

Shops:
D:4 ?   D:8 *(

Annotations:
D:2 exclusion: 2 downstairs
D:4 exclusion: downstairs
D:7 exclusion: 2 downstairs
D:8 Grum


Innate Abilities, Weirdness & Mutations

Your life essence is reduced to manifest your ancestor. (-10% HP)
You are too large for most types of armour.
You have a pair of small horns on your head.
You have tough skin. (AC +1)
You gain doubled healing and magic from potions.
Whenever you drink a healing potion, you attack all around you.


Message History

Something bites you but does no damage.
The black bear bites your cerulean imp but does no damage.
The black bear claws your cerulean imp but does no damage.
The black bear claws your cerulean imp.
Your cerulean imp barely misses the black bear.
Something hits you!
* * * LOW HITPOINT WARNING * * *
Something bites you.
* * * LOW HITPOINT WARNING * * *
Something draws strength from your injuries!
You closely miss something.
The black bear barely misses your cerulean imp. x2
The black bear claws your cerulean imp.
Your cerulean imp hits the black bear with a -1 spear.
Something hits you!
* * * LOW HITPOINT WARNING * * *
Something bites you but does no damage.
Your cerulean imp hits the black bear with a -1 spear.
The black bear goes berserk!
Something hits you but does no damage. Something bites you!
* * * LOW HITPOINT WARNING * * *
Something draws strength from your injuries!
You miss something. The black bear bites your cerulean imp!
Your cerulean imp dies!
Your cerulean imp disappears in a puff of smoke!
Something hits you!
* * * LOW HITPOINT WARNING * * *
Something bites you!
* * * LOW HITPOINT WARNING * * *
Something draws strength from your injuries!
The black bear rages.
You barely miss something.
You flicker for a moment.
The black bear growls angrily.
Something completely misses you. Something bites you!
* * * LOW HITPOINT WARNING * * *
Something draws strength from your injuries!
Something hits you.
You die...
Hepliaklqana delivers you to your ancestors.

#.R.....#
#.......#
###K.####
###o####
#......#
#.....## ##
#....##
.####...##
#####
.......## .
#@{h#
..###>## .V.
###h#
..#####
#....##.#
...#.+
#....'O#
..§..##
#....##h#
...#..#
....##..##
D..†.#.#
...##..hh###
F...## # .o
#.....§.#
K......# ⌠
#....###h##


You could see a black bear (berserk, unable to see you) and a wolf.

Vanquished Creatures
  A two-headed ogre (D:8)
  2 yaks (D:6)
  Eustachio (D:6)
  A water moccasin (D:7)
  An orc warrior (D:8)
  An ogre (D:5)
  A wolf (D:8)
  A phantom (D:6)
  4 weeping skulls (D:5)
  2 bullfrogs
  2 scorpions
  3 wights
  A centaur zombie (D:5)
  A hound (D:5)
  A jelly (D:7)
  2 iguanas
  A mummy (D:5)
  6 gnolls
  3 adders
  A white imp (D:6)
  3 ufetubi (D:5)
  5 dart slugs
  2 ribbon worms
  10 orcs
  7 ball pythons
  2 endoplasms
  2 giant cockroaches
  5 hobgoblins
  3 jackals (D:3)
  3 kobolds
  2 quokkas (D:3)
  3 bats
  3 frilled lizards
  8 goblins
  3 rats
  A spectral kobold (D:1)
98 creatures vanquished.

Vanquished Creatures (collateral kills)
  A steam dragon (D:8)
  2 water moccasins
  An acid dragon (D:8)
  Duvessa (D:7)
  A sky beast (D:7)
  2 black bears
  2 ogres (D:5)
  A centaur (D:6)
  A phantom (D:6)
  A weeping skull (D:5)
  2 bullfrogs
  5 scorpions
  4 wights
  Dowan (D:7)
  A killer bee (D:7)
  A howler monkey (D:7)
  2 bullfrog zombies (D:5)
  A bombardier beetle (D:5)
  2 jellies (D:7)
  2 hounds
  A human zombie (D:5)
  Crazy Yiuf (D:5)
  A gnoll bouda (D:7)
  2 iguanas (D:5)
  A scorpion zombie (D:5)
  A howler monkey zombie (D:5)
  4 adders
  8 gnolls
  3 white imps
  An ufetubus (D:5)
  A dart slug (D:5)
  5 ribbon worms
  4 orcs
  A kobold (D:4)
68 creatures vanquished.

Vanquished Creatures (others)
  3 ancestors
  2 orcs (D:8)
5 creatures vanquished.

Grand Total: 171 creatures vanquished

Notes
Turn   | Place    | Note
-------+----------+-------------------------------------------
     0 | D:1      | Autsider the Oni Hedge Wizard began the quest for the Orb.
     0 | D:1      | Reached XP level 1. HP: 16/16 MP: 5/5
    64 | D:1      | Found a faded altar of an unknown god.
    79 | D:1      | Reached skill level 1 in Summonings
   150 | D:1      | Reached skill level 1 in Conjurations
   445 | D:1      | Reached XP level 2. HP: 26/26 MP: 2/6
   456 | D:1      | Reached skill level 1 in Fighting
   537 | D:1      | Learned a level 2 spell: Call Imp
   680 | D:1      | Reached XP level 3. HP: 33/33 MP: 2/8
   994 | D:2      | Reached skill level 4 in Spellcasting
  1808 | D:2      | Reached XP level 4. HP: 34/42 MP: 1/10
  1819 | D:2      | Learned a level 2 spell: Blink
  2290 | D:3      | Found a glowing golden altar of the Shining One.
  2346 | D:3      | Found a sacrificial altar of Ru.
  2885 | D:3      | Reached XP level 5. HP: 51/53 MP: 7/11
  3981 | D:4      | Found Qoefysh's Magic Scroll Boutique.
  4124 | D:4      | Reached skill level 1 in Translocations
  4827 | D:4      | Reached XP level 6. HP: 51/61 MP: 2/12
  4958 | D:5      | Entered Level 5 of the Dungeon
  4980 | D:5      | Found a staircase to the Ecumenical Temple.
  4993 | Temple   | Entered the Ecumenical Temple
  5072 | Temple   | Became a worshipper of Hepliaklqana the Forgotten
  5427 | D:5      | Learned a level 3 spell: Call Canine Familiar
  5615 | D:5      | Noticed a black bear
  5629 | D:5      | Killed a black bear
  5630 | D:5      | Reached XP level 7. HP: 70/70 MP: 6/13
  5775 | D:5      | Reached skill level 1 in Fire Magic
  5966 | D:5      | Reached skill level 5 in Spellcasting
  6246 | D:5      | Reached XP level 8. HP: 78/78 MP: 10/15
  6342 | D:5      | Reached skill level 5 in Summonings
  7164 | D:5      | Reached skill level 6 in Spellcasting
  7416 | D:5      | Found a runed translucent door.
  7417 | D:5      | Noticed Crazy Yiuf
  7678 | D:5      | Found a basalt altar of Yredelemnul.
  7685 | D:5      | Reached skill level 7 in Spellcasting
  7786 | D:5      | Killed Crazy Yiuf
  7787 | D:5      | Reached XP level 9. HP: 72/84 MP: 14/19
  8162 | D:6      | Reached skill level 8 in Spellcasting
  8764 | D:6      | Noticed Eustachio
  8879 | D:6      | Killed Eustachio
  9226 | D:6      | Reached skill level 5 in Fighting
  9678 | D:6      | Reached * piety under Hepliaklqana
 10010 | D:7      | Noticed Dowan
 10012 | D:7      | Noticed Duvessa
 10017 | D:7      | Killed Duvessa
 10022 | D:7      | Killed Dowan
 10024 | D:7      | Reached XP level 10. HP: 79/88 MP: 22/22
 10748 | D:7      | Reached skill level 9 in Spellcasting
 11255 | D:8      | Found Jesh's Weapon Shop.
 11269 | D:8      | Found Oloaneh's Assorted Antiques.
 11676 | D:8      | Noticed a two-headed ogre
 11861 | D:8      | Noticed Grum
 11878 | D:8      | Killed a two-headed ogre
 11913 | D:8      | Slain by a vampire

Illustrated notes

Levels and vault maps discovered:
D:1:      onia_arrival_pyramid, layout_basic,
          dreamdust_ecumenical_altar_drowned_temple
D:2:      layout_loops_ring
D:3:      layout_rooms, grunt_temple_overflow_open, serial_park_tiny_2
D:4:      layout_gridville, serial_shops, nicolae_shop_peninsula, st_stairs_10,
          kennysheep_generic_room_15
D:5:      layout_loops_ring, lemuel_mausoleum_altar_yredelemnul,
          minmay_temple_entry_hall, cheibrodos_sewer_entry_bend,
          hangedman_decor_clover_reticule, grunt_tough_drop,
          uniq_crazy_yiuf_cottage
D:6:      minmay_chambers_of_sixes, layout_loops_cross,
          serial_library_hellmonk_room_c, uniq_eustachio
D:7:      minmay_general_purpose_star, layout_basic, nicolae_ossuary_entry_plus,
          uniq_duvessa
D:8:      layout_rooms, kennysheep_mini_moat, david_lair_shrubbed, serial_shops,
          shop, nicolae_shop_peninsula, st_stairs_10, nzn_life_drinkers,
          uniq_grum
Temple:   minmay_temple_bridge_d

Skill      XL: |  1  2  3  4  5  6  7  8  9 10 |
---------------+-------------------------------+-----
Summonings     | 1 2 3 4 6 7 |  7.4
Conjurations   | 1 2 3 |  3.0
Fighting       | 1 2 3 4 6 7 |  7.3
Spellcasting   | 4 5 7 8 9 |  9.0
Translocations | 1 2 |  2.0
Fire Magic     | 2 4 |  4.0
Dodging        | 3 4 |  4.6
Stealth        | 3 4 |  4.0

Action                     |  1- 3 |  4- 6 |  7- 9 | 10-12 || total
---------------------------+-------+-------+-------+-------++-------
  Melee: Dagger            |     4 |       |       |       ||     4
         Unarmed           |     9 |       |       |       ||     9
         Headbutt          |     9 |       |    29 |     6 ||    44
         Club              |    12 |     5 |       |       ||    17
         Giant club        |       |       |   115 |    48 ||   163
   Cast: Magic Dart        |    80 |   154 |    34 |    41 ||   309
         Call Imp          |     5 |    35 |    30 |    17 ||    87
         Call Canine Famil |       |     4 |    55 |    15 ||    74
         Blink             |       |       |       |     1 ||     1
 Invoke: Ancestor Identity |       |       |     1 |       ||     1
    Use: Scroll            |       |     8 |     2 |     2 ||    12
         Potion            |       |     2 |       |     8 ||    10
   Stab: Distracted        |     1 |       |     2 |       ||     3
         Sleeping          |       |       |     1 |       ||     1
 Armour: Robe              |     3 |       |       |       ||     3
         Skin              |    34 |    63 |   117 |   134 ||   348
  Dodge: Dodged            |    17 |    35 |    67 |    38 ||   157

Table legend: (Time is in decaauts)
 A = Elapsed time spent in this place.
 B = Non-inter-level travel time spent in this place.
 C = Inter-level travel time spent in this place.
 D = Time resting spent in this place.
 E = Time spent auto-exploring this place.
 F = Levels seen in this place.
 G = Mean time per level.
                   A        B        C        D        E       F      G
               +--------+--------+--------+--------+--------+-----+--------+
         Total |  11983 |  11036 |    947 |   1726 |   6834 |   9 | 1331.4 |
       Dungeon |  11832 |  11029 |    803 |   1726 |   6834 |   8 | 1479.0 |
        Temple |    150 |      6 |    144 |      0 |      0 |   1 |  150.0 |
               +--------+--------+--------+--------+--------+-----+--------+

Top non-repeatable levels by time:
     D:5: 2665 daAuts
     D:7: 1961 daAuts
     D:2: 1935 daAuts
     D:6: 1901 daAuts
     D:4: 1244 daAuts
     D:3: 1101 daAuts
     D:1: 826 daAuts
     D:8: 194 daAuts
  Temple: 150 daAuts
